 Dungeon Crawl Stone Soup version 0.31-a0-187-gba352fbbf7 (webtiles) character file.

Game seed: 18259232964702519103

1071 qw the Skirmisher (level 8, -2/44 HPs)
             Began as a Deep Elf Hunter on June 22, 2023.
             Succumbed to a kobold's poison
             ... on level 5 of the Dungeon.
             The game lasted 00:01:28 (3245 turns).

qw the Skirmisher (Deep Elf Hunter)                 Turns: 3245, Time: 00:01:28

Health: -2/44      AC:  9    Str: 10    XL:     8   Next: 7%
Magic:  10/10      EV: 13    Int: 15    God:
Gold:   159        SH:  0    Dex: 24    Spells: 7/7 levels left

rFire   . . .        Y - +9 longbow (freeze)
rCold   . . .        (shield currently unavailable)
rNeg    . . .        i - +1 ring mail of Fortification {Stlth+}
rPois   .            (no helmet)
rElec   .            (no cloak)
rCorr   .            m - +0 pair of gloves
SInv    .            j - +1 pair of boots
Will    .....        (no amulet)
Stlth   +++          e - +6 ring of dexterity
HPRegen 0.27/turn    (no ring)
MPRegen 0.12/turn

%: no passive effects
@: lethally poisoned (-2 -> -13), marked
A: no striking features
a: no special abilities


You were on level 5 of the Dungeon.
You visited 1 branch of the dungeon, and saw 5 of its levels.

You collected 159 gold pieces.


   Skills:
 - Level 2.1 Fighting
 + Level 11.9 Ranged Weapons
 - Level 2.1 Armour
 - Level 4.2 Dodging
 - Level 1.2 Stealth


You had 7 spell levels left.
You didn't know any spells.
Your spell library was empty.

Inventory:

Hand Weapons
 Y - a +9 longbow of freezing (weapon)
Armour
 i - the +1 ring mail of Fortification (worn) {Stlth+}
   (You found it on level 2 of the Dungeon)

   Stlth:     It makes you more stealthy.
 j - a +1 pair of boots (worn)
 m - a +0 pair of gloves (worn)
Jewellery
 e - a +6 ring of dexterity (left hand)
Scrolls
 a - a scroll of identify
Potions
 b - 2 potions of resistance
 h - a potion of enlightenment {unknown}
 k - a potion of haste {unknown}
 l - a potion of might

Dungeon Overview and Level Annotations

Branches:
Dungeon (5/15)
 Temple: D:4-7

Altars:
Ashenzari
Cheibriados
Ru
Vehumet
The Shining One

Annotations:
D:3 2 transporters, 3 runed translucent doors, qw's ghost, amateur DEHu


Message History

The orc closely misses you.
A kobold comes into view.
It is wielding a +1 short sword of venom.
The orc wizard points at you and mumbles some strange words.
You easily resist.
The orc hits you but does no damage.
You shoot an arrow. The arrow hits the orc priest!
The arrow freezes the orc priest.
You kill the orc priest!
The orc closely misses you.
The orc wizard hits you but does no damage.
The orc hits you with a +0 whip. The orc closely misses you.
The orc hits you with a +0 hand axe. The orc misses you.
The orc wizard points at you and mumbles some strange words.
The magic dart hits you.
You shoot an arrow. The arrow hits the orc wizard!
The arrow freezes the orc wizard.
The orc wizard is severely wounded.
The orc barely misses you. The orc closely misses you. x2
The orc wizard misses you.
You shoot an arrow. The arrow hits the orc wizard.
The arrow freezes the orc wizard.
The orc wizard is severely wounded.
The orc barely misses you. The orc misses you.
The orc wizard hits you but does no damage.
The orc hits you with a +0 whip.
A kobold brigand comes into view.
It is wielding a +0 short sword and quivering poisoned darts.
You shoot an arrow. The arrow barely misses the orc wizard.
The orc hits you but does no damage. The orc closely misses you.
A kobold comes into view. It is wielding a +0 whip of freezing.
The orc wizard closely misses you. The orc misses you.
You shoot an arrow. The arrow hits the orc wizard!!
The arrow freezes the orc wizard.
You kill the orc wizard!
The orc hits you but does no damage. x3; The orc misses you.
The kobold hits you but does no damage.
You are lethally poisoned!
The orc hits you from afar with a +0 trident.
The orc closely misses you.
You shoot an arrow. The arrow hits the kobold!
The arrow freezes the kobold.
You kill the kobold!
You die...

... ... #.# # #.#
.### #.##...##
#?.......
##########........
##.....#..)@)..KK.[
##.........oo)o.....
#.................).
#..........[...%....
#...............)...
#...................
#..................)
##.................#
##......[......##


You could see a kobold brigand, 3 orcs and a kobold.

Vanquished Creatures
  A steam dragon (D:5)
  Duvessa (D:5)
  2 ogres (D:4)
  Dowan (D:5)
  2 hounds
  2 jellies (D:5)
  A gnoll bouda (D:4)
  2 orc priests (D:5)
  3 iguanas
  4 orc wizards
  A sleepcap (D:4)
  7 gnolls
  3 adders
  2 worms (D:2)
  2 dart slugs
  10 orcs
  12 endoplasms
  4 giant cockroaches
  7 goblins
  4 hobgoblins
  9 jackals
  A quokka (D:2)
  10 ball pythons
  7 bats
  3 frilled lizards
  9 kobolds
  6 rats
116 creatures vanquished.

Notes
Turn   | Place    | Note
-------+----------+-------------------------------------------
     0 | D:1      | qw the Deep Elf Hunter began the quest for the Orb.
     0 | D:1      | Reached XP level 1. HP: 12/12 MP: 3/3
     0 | D:1      | 0 ||| qw: Version: 0.3-a-9-g12657ce
     0 | D:1      | 0 ||| qw: Game counter: 2277
     0 | D:1      | 0 ||| qw: Always use a shield: true
     0 | D:1      | 0 ||| qw: God list: Okawaru
     0 | D:1      | 0 ||| qw: Allow faded altars: false
     0 | D:1      | 0 ||| qw: Do Orc after D:15 true
     0 | D:1      | 0 ||| qw: Do second Lair branch before Depths: true
     0 | D:1      | 0 ||| qw: Lair rune preference: random
     0 | D:1      | 0 ||| qw: Plans: Normal
     0 | D:1      | 0 ||| PLANNING D:1-11
    22 | D:1      | 22 ||| FLEEEEING.
   102 | D:1      | Reached skill level 6 in Ranged Weapons
   102 | D:1      | Reached XP level 2. HP: 16/16 MP: 4/4
   371 | D:1      | Reached XP level 3. HP: 20/20 MP: 5/5
   803 | D:1      | 803 ||| READING scroll labelled VUSUIMMUSEF.
   804 | D:1      | 804 ||| READING 2 scrolls labelled ZEUTAL TUEWK.
   805 | D:1      | 805 ||| READING scroll labelled WEUDAY VARUSS.
   806 | D:1      | 806 ||| DRINKING 2 metallic sapphire potions.
   807 | D:1      | 807 ||| DROPPING scroll of butterflies.
   808 | D:1      | 808 ||| DROPPING potion of brilliance.
   884 | D:2      | Reached skill level 7 in Ranged Weapons
  1102 | D:2      | Found a sacrificial altar of Ru.
  1111 | D:2      | Identified the +1 ring mail of Fortification {Stlth+}
  1138 | D:2      | Reached XP level 4. HP: 25/25 MP: 6/6
  1530 | D:2      | 1530 ||| UPGRADING to +0 ring mail.
  1540 | D:2      | 1540 ||| DROPPING +0 leather armour.
  1541 | D:2      | 1541 ||| UPGRADING to +1 ring mail of Fortification
                  | {Stlth+}.
  1551 | D:2      | 1551 ||| DROPPING +0 ring mail.
  1552 | D:2      | 1552 ||| DRINKING 2 smoky sapphire potions.
  1553 | D:2      | 1553 ||| DRINKING 2 clear potions.
  1554 | D:2      | 1554 ||| DROPPING potion of magic.
  1651 | D:3      | Found a broken altar of Ashenzari.
  1756 | D:3      | Reached skill level 8 in Ranged Weapons
  1766 | D:3      | HP: 6/25 [gnoll/+0 halberd (1)]
  1768 | D:3      | Reached XP level 5. HP: 8/29 MP: 7/7
  1861 | D:3      | Found a transporter.
  2028 | D:3      | Found a transporter.
  2105 | D:3      | Found a glowing golden altar of the Shining One.
  2217 | D:3      | Found a runed translucent gate.
  2217 | D:3      | Found a runed translucent gate.
  2218 | D:3      | Found a runed translucent gate.
  2218 | D:3      | Noticed qw's ghost (amateur DEHu)
  2222 | D:3      | 2222 ||| UPGRADING to +0 pair of boots.
  2227 | D:3      | 2227 ||| READING scroll of enchant armour.
  2227 | D:3      | 2227 ||| ENCHANTING +0 pair of boots.
  2228 | D:3      | 2228 ||| UPGRADING to +6 ring of dexterity.
  2229 | D:3      | 2229 ||| READING scroll labelled DAIMOXT NY AZE.
  2229 | D:3      | Identified a scroll of acquirement
  2229 | D:3      | 2229 ||| ACQUIRING +6 longbow of freezing
  2229 | D:3      | Acquired a +6 longbow of freezing
  2231 | D:3      | 2231 ||| SWAPPING to +6 longbow of freezing.
  2232 | D:3      | 2232 ||| DROPPING +1 shortbow.
  2233 | D:3      | 2233 ||| READING scroll labelled RYPOECS BITE.
  2234 | D:3      | 2234 ||| DRINKING 3 viscous brown potions.
  2235 | D:3      | 2235 ||| READING 2 scrolls of identify.
  2235 | D:3      | 2235 ||| IDENTIFYING fizzy cyan potion
  2237 | D:3      | 2237 ||| Stepping ~*~*~tactically~*~*~ (cloud).
  2241 | D:3      | HP: 7/29 [poisoned by you (poison gas)]
  2488 | D:4      | Noticed an ogre
  2490 | D:4      | Killed an ogre
  2614 | D:4      | 2614 ||| READING scroll of enchant weapon.
  2614 | D:4      | 2614 ||| ENCHANTING +6 longbow of freezing.
  2629 | D:4      | Reached XP level 6. HP: 34/34 MP: 8/8
  2714 | D:4      | Found a snail-covered altar of Cheibriados.
  2734 | D:4      | 2734 ||| READING scroll of enchant weapon.
  2734 | D:4      | 2734 ||| ENCHANTING +7 longbow of freezing.
  2822 | D:4      | Reached skill level 9 in Ranged Weapons
  3007 | D:4      | Found a radiant altar of Vehumet.
  3041 | D:4      | 3041 ||| UPGRADING to +0 pair of gloves.
  3046 | D:4      | 3046 ||| READING scroll labelled RYAPNE OMENK.
  3047 | D:4      | 3047 ||| READING scroll labelled EGRAZAXACH.
  3048 | D:4      | 3048 ||| DRINKING 2 blue potions.
  3064 | D:5      | Entered Level 5 of the Dungeon
  3064 | D:5      | Noticed Duvessa
  3066 | D:5      | Noticed Dowan
  3069 | D:5      | Killed Duvessa
  3070 | D:5      | Reached XP level 7. HP: 40/40 MP: 9/9
  3071 | D:5      | Killed Dowan
  3074 | D:5      | Reached skill level 10 in Ranged Weapons
  3081 | D:5      | 3081 ||| STAIRDANCE
  3087 | D:4      | HP: 4/40 [orc/+3 flail (10)]
  3088 | D:4      | 3088 ||| DRINKING potion of heal wounds.
  3201 | D:5      | 3201 ||| READING scroll of enchant weapon.
  3201 | D:5      | 3201 ||| ENCHANTING +8 longbow of freezing.
  3226 | D:5      | Noticed a steam dragon
  3227 | D:5      | Reached skill level 11 in Ranged Weapons
  3231 | D:5      | Killed a steam dragon
  3233 | D:5      | HP: 8/40 [something (5)]
  3237 | D:5      | Reached XP level 8. HP: 7/44 MP: 10/10
  3237 | D:5      | 3237 ||| DRINKING 2 potions of curing.
  3237 | D:5      | 3237 ||| (to cure confusion)
  3238 | D:5      | 3238 ||| DRINKING potion of curing.
  3238 | D:5      | 3238 ||| (to cure confusion)
  3240 | D:5      | HP: 8/44 [orc wizard/magic dart (6)]
  3244 | D:5      | HP: 2/44 [orc/+0 trident (4)]
  3245 | D:5      | Succumbed to a kobold's poison

Levels and vault maps discovered:
D:1:      dpeg_arrival_refuge, layout_basic
D:2:      layout_loops_cross, basic_altar
D:3:      gammafunk_wand_slinger, layout_loops_ring, tso_oasis_becter,
          mainiacjoe_overflow_alcove_2, ebering_ghost_rock_garden,
          nicolae_grassy_gnolls
D:4:      layout_basic, cheibriados_altar_1, nicolae_vehumet_altar_sigil
D:5:      layout_rooms, nemelex_spade_bored_becter,
          mainiacjoe_overflow_alcove_4,
          nicolae_gozag_cash_rules_everything_around_me, serial_glass,
          glass_columns_b, glass_columns_a, due_unseen_surprise, uniq_duvessa

Skill      XL: |  1  2  3  4  5  6  7 |
---------------+----------------------+-----
Ranged Weapons | 6 7 8 9 11 | 11.9
Dodging        | 4 |  4.2
Fighting       | 2 |  2.1
Armour         | 2 |  2.1
Stealth        | |  1.2

Action                     |  1- 3 |  4- 6 |  7- 9 || total
---------------------------+-------+-------+-------++-------
   Fire: Shortbow          |   127 |    96 |       ||   223
         Longbow           |       |    29 |    45 ||    74
    Use: Scroll            |     3 |     8 |     1 ||    12
         Potion            |     1 |     4 |     3 ||     8
 Armour: Leather armour    |    17 |     6 |       ||    23
         Ring mail         |       |    14 |    18 ||    32
  Dodge: Dodged            |    28 |    20 |    37 ||    85

Table legend:
 A = Non-vault XP
 B = Vault XP
 C = Vault XP percentage of total XP
 D = Non-vault monster count
 E = Vault monster count
 F = Vault count percentage of total count
                 A         B        C        D         E       F
            +---------+---------+-------+---------+---------+-------
      Total |    1248 |     284 |  18.5 |     110 |       6 |   5.2
            +---------+---------+-------+---------+---------+-------
        D:1 |      57 |       0 |   0.0 |      35 |       0 |   0.0
        D:2 |      71 |       0 |   0.0 |      25 |       0 |   0.0
        D:3 |      20 |      58 |  74.4 |      10 |       4 |  28.6
        D:4 |     505 |       0 |   0.0 |      18 |       0 |   0.0
        D:5 |     595 |     226 |  27.5 |      22 |       2 |   8.3
            +---------+---------+-------+---------+---------+-------
